AoeStats
← VampishSaucer

Pilgrims

509861329Analyzed
2v2 RM · 4d ago on Sep 28, 2026· 26m 27s· 4 players
Game mode
Random Map
Map size
Medium (4 player)
Population
200
Speed
Normal
Resources
Standard
Victory
Conquest
Starting age
Dark Age
Ending age
Imperial Age
RankedLock teamsTeams togetherTeam positionsShared explorationLock speedFull tech treeHidden civsTurbo modeCheats
Victory
Defeat
🇵🇱 Magyars · Poland
1102
+13
🇩🇪 Portuguese · Germany
1050
+15
🇺🇸 Japanese · United States
1041
-14
🇺🇸 Vietnamese · United States
1039
-14
AdventureKlaus
4:52 Loom
10:57 Feudal Age
11:29 Town Watch
11:32 Double-Bit Axe
12:46 Wheelbarrow
16:27 Fletching
16:38 Padded Archer Armor
20:08 Castle Age
20:06 Gold Mining
20:28 Stone Mining
21:26 Bodkin Arrow
22:12 Crossbowman
23:28 Ballistics
26:42 Horse Collar
Pomazaki
8:46 Loom
10:50 Feudal Age
14:56 Castle Age
12:49 Double-Bit Axe
14:02 Horse Collar
15:47 Scale Barding Armor
16:05 Bow Saw
19:40 Fishing Lines
21:59 Bloodlines
23:06 Husbandry
24:55 Wheelbarrow
24:35 Heavy Plow
25:21 Light Cavalry
BananaWednesday
3:49 Loom
13:05 Feudal Age
13:43 Fishing Lines
13:30 Man-at-Arms
14:29 Double-Bit Axe
20:22 Castle Age
18:49 Scale Mail Armor
20:02 Padded Archer Armor
20:31 Fletching
23:45 Bodkin Arrow
25:34 Bow Saw
26:17 Murder Holes
VampishSaucer
3:59 Loom
11:42 Feudal Age
11:44 Man-at-Arms
12:10 Arson
12:33 Fishing Lines
14:54 Double-Bit Axe
16:29 Gold Mining
25:39 Castle Age
26:46 Fletching
26:58 Scale Mail Armor
Connection lost

Rejoining the realm…

Still unreachable

The connection could not be restored.

Session expired

The server has moved on; the page needs a fresh start.